 Dungeon Crawl Stone Soup version 0.30-a0-219-gf2db51d15e (webtiles) character file.

Game seed: 7110832381215512576

58 Decritt the Sneak (level 3, -2/17 HPs)
             Began as a Spriggan Enchanter on Oct 7, 2022.
             Slain by Sigmund
             ... wielding a +0 scythe
              (12 damage)
             ... on level 2 of the Dungeon.
             The game lasted 00:04:21 (943 turns).

Decritt the Sneak (Spriggan Enchanter)               Turns: 943, Time: 00:04:21

Health: -2/17      AC:  2    Str:  4    XL:     3   Next: 76%
Magic:  8/8        EV: 18    Int: 16    God:
Gold:   75         SH:  0    Dex: 17    Spells: 8/8 levels left

rFire   . . .      SeeInvis +    i - +1 dagger (flame)
rCold   . . .      Faith    .    (no shield)
rNeg    + . .      Spirit   .    d - +0 robe {rN+}
rPois   .          Reflect  .    (helmet restricted)
rElec   .          Harm     .    (no cloak)
rCorr   .          Rampage  .    (gloves unavailable)
Will    .....                    (boots unavailable)
Stlth   +++.......               (no amulet)
HPRegen 0.22/turn                (no ring)
MPRegen 0.11/turn                (no ring)

@: very quick
A: very small, no large weapons, unfitting armour, see invisible, speed 3
a: no special abilities


You were on level 2 of the Dungeon.
You visited 1 branch of the dungeon, and saw 2 of its levels.

You collected 75 gold pieces.

Inventory:

Hand Weapons
 a - a +1 dagger
 i - a +1 dagger of flaming (weapon)
Armour
 b - a +1 robe
 d - a +0 robe of positive energy (worn)
Scrolls
 e - a scroll of immolation
 g - a scroll of enchant armour
Potions
 c - 2 potions of invisibility
 h - a potion of might {unknown}
 k - a potion of lignification {unknown}


   Skills:
 + Level 0.7 Fighting
 + Level 1.7 Short Blades
 + Level 3.1 Dodging
 + Level 5.6 Stealth
 + Level 3.1 Spellcasting
 + Level 3.9 Hexes


You had 8 spell levels left.
You didn't know any spells.
Your spell library contained the following spells:

 Spells                   Type           Power      Damage    Failure   Level
 Confusing Touch          Hex            15%        N/A       11%         3
 Tukima's Dance           Hex            15%        N/A       11%         3
 Ensorcelled Hibernation  Hex/Ice        16%        N/A       12%         2
 Dazzling Flash           Conj/Hex       16%        N/A       24%         3


Dungeon Overview and Level Annotations

Branches:
Dungeon (2/15)

Altars:

Annotations:
D:2 Sigmund


Innate Abilities, Weirdness & Mutations

You are very small and have problems with some larger weapons.
You are too small for most types of armour.
You have supernaturally acute eyesight. (SInv)
You cover ground extremely quickly. (Speed+++)


Message History

You see here a frilled lizard corpse.
There is a stone staircase leading up here.
You start resting.
A worm is nearby!
Sigmund the Dreaded comes into view.
He is wielding a +0 scythe.
Sigmund shouts!
Okay, then.
Okay, then.
Okay, then.
You hit the worm. You burn the worm.
The worm is lightly wounded.
The worm misses you.
Okay, then.
You are confused.
You feel invigorated.
You hit the worm. You burn the worm.
The worm is heavily wounded.
Sigmund hits you from afar with a +0 scythe!
Ouch! That really hurt!
* * * LOW HITPOINT WARNING * * *
The worm completely misses you.
You bump into the rock wall.
You bump into the rock wall.
You feel less invigorated.
You feel less confused.
Sigmund's eyes start glowing with a red light.
Sigmund closely misses you. The worm closely misses you.
You hit the worm but do no damage.
The worm is moderately wounded.
Sigmund hits you from afar with a +0 scythe.
The worm closely misses you.
You hit the worm. You burn the worm.
The worm is heavily wounded.
You hit the worm. You burn the worm.
The worm is severely wounded.
Sigmund barely misses you. The worm misses you.
You hit the worm. You burn the worm.
The worm is almost dead.
Sigmund hits you from afar with a +0 scythe!
Ouch! That really hurt!
You die...

#.#.###.#.#.#
#.#.##..).#.# #
#.#.###.###.# .#
#.#.# #.###.## ..#
#.#.###.##.>.##.).
#....<.....#......###
#.#####K#.K..# #...#
#.#####w#.#.###...#.#
#...@.@.#.#.w....K...
#..######.#.##.......
#..# #.#.. ...?#..
#.@# #.#.. ##### #...
..#..# #..# ###..#
#..# #..# #... .!
#.##


You could see Sigmund, a worm and a kobold.

Vanquished Creatures
  Jessica (D:2)
  2 endoplasms (D:1)
  6 goblins (D:1)
  2 hobgoblins
  3 jackals (D:1)
  3 kobolds (D:1)
  2 quokkas (D:1)
  3 ball pythons (D:1)
  A bat (D:1)
  5 frilled lizards
  3 rats
31 creatures vanquished.

Notes
Turn   | Place    | Note
-------+----------+-------------------------------------------
     0 | D:1      | Decritt the Spriggan Enchanter began the quest for the Orb.
     0 | D:1      | Reached XP level 1. HP: 9/9 MP: 5/5
   140 | D:1      | Reached XP level 2. HP: 13/13 MP: 6/6
   242 | D:1      | Reached skill level 5 in Stealth
   625 | D:1      | Reached XP level 3. HP: 11/17 MP: 8/8
   851 | D:2      | Noticed Jessica
   855 | D:2      | Killed Jessica
   927 | D:2      | Noticed Sigmund
   943 | D:2      | Slain by Sigmund

Illustrated notes

Levels and vault maps discovered:
D:1:      dpeg_arrival_central, layout_basic, st_stairs_10, minmay_bisected
D:2:      layout_loops_ring, chequers_ecumenical_altar_lobes,
          uniq_crazy_yiuf_cottage, uniq_sigmund, uniq_jessica

Skill      XL: |  1  2  3 |
---------------+----------+-----
Stealth        | 5 |  5.6
Spellcasting   | 3 |  3.1
Dodging        | 3 |  3.1
Fighting       | |  0.7
Short Blades   | |  1.7
Hexes          | |  3.9

Action                   || total
-------------------------++-------
Melee: Dagger            ||   132
       Punch             ||     1
  Use: Scroll            ||     5
       Potion            ||     1
 Stab: Sleeping          ||     7
       Distracted        ||     1
Armor: Robe              ||    15
Dodge: Dodged            ||   103

Table legend: (Time is in decaauts)
 A = Elapsed time spent in this place.
 B = Non-inter-level travel time spent in this place.
 C = Inter-level travel time spent in this place.
 D = Time resting spent in this place.
 E = Time spent auto-exploring this place.
 F = Levels seen in this place.
 G = Mean time per level.
                   A        B        C        D        E       F      G
               +--------+--------+--------+--------+--------+-----+--------+
         Total |    671 |    657 |     14 |     82 |    317 |   2 |  335.5 |
       Dungeon |    671 |    657 |     14 |     82 |    317 |   2 |  335.5 |
               +--------+--------+--------+--------+--------+-----+--------+

Top non-repeatable levels by time:
     D:1: 564 daAuts
     D:2: 106 daAuts
